[Event "Early-Titled-Tuesday-Blitz-March-05-2024"]
[Site "Chess.com"]
[Date "2024.03.05"]
[Round "2"]
[White "Neijin"]
[Black "lagunanivaria"]
[Result "1-0"]
[WhiteElo "2711"]
[BlackElo "2450"]
[TimeControl "180+1"]
[EndTime "8:18:15 PST"]
[Termination "Neijin won by checkmate"]

1. e4 e5 2. Nf3 Nc6 3. Bc4 Nf6 4. d3 Be7 5. a4 O-O 6. Nc3 h6 7. h3 Bc5 8. g4 Nh7 9. h4 d6 10. Rg1 Nd4 11. g5 hxg5 12. hxg5 g6 13. Nxd4 Bxd4 14.
Qf3 Be6 15. Nd5 Kg7 16. c3 Bb6 17. a5 Bc5 18. b4 b5 19. Ba2 f6 20. bxc5 fxg5 21.
Qg3 dxc5 22. Qxe5+ Nf6 23. Qxe6 Nxd5 24. Bxd5 c6 25.
Qe5+ Rf6 26. Bxg5 cxd5 27. Bxf6+ Qxf6 28. Qxf6+ Kxf6 29. exd5 Rd8 30. c4 bxc4 31. dxc4 Rb8 32. Kd2 Rb2+ 33. Kc3 Re2 34. Rad1 Ke5 35. d6 Rxf2 36.
d7 Rf3+ 37. Rd3 Rf8 38. d8=Q Rxd8 39. Rxd8 Kf4 40. Rxg6 a6 41. Re6 Kf5 42. Re1 Kf6 43. Rf8+ Kg7 44. Rf2 Kg8 45. Rg1+ Kh8 46. Rh2# 1-0

[Event "Early-Titled-Tuesday-Blitz-March-05-2024"]
[Site "Chess.com"]
[Date "2024.03.05"]
[Round "2"]
[White "Seochesspie"]
[Black "dosto07"]
[Result "1-0"]
[WhiteElo "2833"]
[BlackElo "2556"]
[TimeControl "180+1"]
[EndTime "8:18:16 PST"]
[Termination "Seochesspie won on time"]

1. e4 e5 2. Nf3 Nc6 3. Bb5 a6 4. Ba4 Nf6 5. d3 d6 6. c3 g6 7. Nbd2 Bg7 8. O-O O-O 9. Re1 Bd7 10. Nf1 Qe8 11. Ng3 Nd4 12. cxd4 Bxa4 13. b3 Bd7 14. dxe5 Ng4 15. d4 dxe5 16. Ba3 exd4 17.
Bxf8 Qxf8 18. h3 Ne5 19. Nxd4 Rd8 20. Qe2 Bxh3 21. gxh3 Rxd4 22. Rad1 c5 23. Kg2 Qd6 24. Rxd4 cxd4 25. f4 Nc6 26. e5 Qb4 27. e6 Qe7 28. exf7+ Qxf7 29. Qe8+ Qxe8 30. Rxe8+ Kf7 31. Re1 Nb4 32.
Ne4 Nc2 33. Re2 Ne3+ 34. Kf3 h6 35. Nd6+ Ke6 36. Nxb7 Kd5 37. Na5 Bf8 38. Nc4 Nxc4 39. bxc4+ Kxc4 40. Re6 Bb4 41. Rxg6 d3 42. Rc6+ Bc5 43.
f5 Kd5 44. Rc8 Bd4 45. Rd8+ Ke5 46. f6 1-0

[Event "Early-Titled-Tuesday-Blitz-March-05-2024"]
[Site "Chess.com"]
[Date "2024.03.05"]
[Round "2"]
[White "santosalberto1987"]
[Black "sokidze"]
[Result "1/2-1/2"]
[WhiteElo "2543"]
[BlackElo "2776"]
[TimeControl "180+1"]
[EndTime "8:18:16 PST"]
[Termination "Game drawn by repetition"]

1. e4 c6 2. c4 d5 3. exd5 cxd5 4.
cxd5 Nf6 5. Qa4+ Nbd7 6. Bc4 g6 7. Nc3 Bg7 8. Nf3 O-O 9. d3 a6 10. Qa3 b6 11. O-O Bb7 12. Re1 b5 13. Bb3 Re8 14.
h3 Nb6 15. d6 Qxd6 16. Qxd6 exd6 17. Bf4 Nfd5 18. Nxd5 Nxd5 19. Bxd6 Bxb2 20. Rxe8+ Rxe8 21. Re1 Rxe1+ 22. Nxe1 a5 23. a4 b4 24. Nf3 Nc3 25.
Ne5 Ne2+ 26. Kf1 Nd4 27. Bxf7+ Kg7 28. Bc4 Bc3 29. Nf3 Bxf3 30. gxf3 b3 31. Be5+ Kf8 32.
Bxd4 Bxd4 33. Bxb3 Ke7 34. Ke2 g5 35. f4 gxf4 36. Kf3 Kd6 37. Kxf4 Bxf2 38. Bc4 h6 39. Ke4 Kc5 40. Bb5 Bd4 41. h4 Bf2 42. h5 Bd4 43. Bc4 Bc3 44. Bb5 Bd4 45. Bc4 Bc3 46. Bb5 Bd4 1/2-1/2

[Event "Early-Titled-Tuesday-Blitz-March-05-2024"]
[Site "Chess.com"]
[Date "2024.03.05"]
[Round "2"]
[White "Herman-NY"]
[Black "Batica1984"]
[Result "0-1"]
[WhiteElo "2531"]
[BlackElo "2777"]
[TimeControl "180+1"]
[EndTime "8:18:17 PST"]
[Termination "Batica1984 won on time"]

1. e4 c5 2. Nf3 e6 3. d4 cxd4 4.
Nxd4 Nc6 5. Nc3 d6 6. Bc4 a6 7. Be3 Nge7 8. Qe2 b5 9. Bb3 Nxd4 10. Bxd4 Nc6 11. Be3 Na5 12. O-O-O Qc7 13. Kb1 Bb7 14. Bg5 Rc8 15. Rhe1 Nxb3 16. axb3 f6 17. Bh4 Be7 18.
f4 b4 19. Na4 O-O 20. f5 e5 21. Bf2 Rb8 22. Nb6 a5 23. g4 Kh8 24. h4 Bc6 25.
Nd5 Bxd5 26. Rxd5 Rfc8 27. Be3 Qd7 28. g5 a4 29. g6 Bf8 30. Qh5 h6 31. Red1 axb3 32.
cxb3 Ra8 33. Bxh6 gxh6 34. Rxd6 Qc7 35. R6d2 Qa7 0-1

[Event "Early-Titled-Tuesday-Blitz-March-05-2024"]
[Site "Chess.com"]
[Date "2024.03.05"]
[Round "2"]
[White "Triumphmate"]
[Black "mr_gustavo"]
[Result "0-1"]
[WhiteElo "2526"]
[BlackElo "2733"]
[TimeControl "180+1"]
[EndTime "8:18:18 PST"]
[Termination "mr_gustavo won on time"]

1. e4 e5 2. Nf3 Nc6 3. Nc3 Nf6 4. Bb5 Nd4 5. Ba4 Nxf3+ 6. Qxf3 Bc5 7. d3 h6 8. Be3 Bxe3 9. fxe3 c6 10. Qg3 d6 11. Qxg7 Rg8 12. Qxh6 Rxg2 13. O-O-O Rg6 14. Qh8+ Rg8 15. Qh4 Ng4 16. Qxd8+ Kxd8 17. Rhg1 Be6 18.
h3 Nf6 19. Rxg8+ Nxg8 20. Bb3 Ke7 21. Bxe6 Kxe6 22. h4 Nf6 23. Rh1 Rh8 24. Ne2 Nh5 25.
Kd2 Rg8 26. Rg1 Rh8 27. c4 a5 28. a3 b6 29. b4 axb4 30. axb4 Ra8 31. d4 Ra2+ 32. Kd3 Rb2 33. d5+ cxd5 34. exd5+ Ke7 35. b5 e4+ 36. Kxe4 Rxe2 37. Ra1 Nf6+ 38. Kd3 Rh2 39. Ra7+ Nd7 0-1

[Event "Early-Titled-Tuesday-Blitz-March-05-2024"]
[Site "Chess.com"]
[Date "2024.03.05"]
[Round "2"]
[White "Ducke13"]
[Black "swayamsm"]
[Result "1-0"]
[WhiteElo "2352"]
[BlackElo "2539"]
[TimeControl "180+1"]
[EndTime "8:18:19 PST"]
[Termination "Ducke13 won on time"]

1. Nf3 Nf6 2. c4 e6 3. Nc3 b6 4. g3 Bb7 5. Bg2 Bb4 6. O-O Bxc3 7. bxc3 O-O 8. a4 Re8 9. a5 Na6 10. axb6 axb6 11. d3 e5 12. Bg5 d6 13. Qc2 h6 14.
Bd2 Qd7 15. Ra2 Nc5 16. Rfa1 Rxa2 17. Rxa2 e4 18. Nd4 exd3 19. exd3 Bxg2 20. Kxg2 Ne6 21.
Be3 Nxd4 22. cxd4 Qc6+ 23. d5 Qd7 24. Ra7 Qe7 25. Bxb6 Qe1 26. Bd4 Re2 27. Ra8+ Kh7 28. Qa4 Ng4 29. Qa7 Rxf2+ 30. Bxf2 Qe2 31. Qd4 f5 32. h3 1-0

[Event "Early-Titled-Tuesday-Blitz-March-05-2024"]
[Site "Chess.com"]
[Date "2024.03.05"]
[Round "2"]
[White "thesupera12"]
[Black "Rodalquilar"]
[Result "0-1"]
[WhiteElo "2467"]
[BlackElo "2802"]
[TimeControl "180+1"]
[EndTime "8:18:20 PST"]
[Termination "Rodalquilar won by resignation"]

1. d4 d5 2. Bg5 h6 3. Bh4 c6 4. e3 Qb6 5. Qc1 e5 6. Nf3 Nd7 7. c4 exd4 8. Nxd4 Ngf6 9. Nc3 Qa5 10. a3 c5 11. Nb5 a6 12. b4 Qd8 13. Bg3 axb5 14.
Nxb5 Ra6 15. Nc7+ Ke7 16. Nxa6 bxa6 17. cxd5 Nxd5 18. bxc5 Qa5+ 19. Qd2 Qxd2+ 20. Kxd2 Nxc5 21. Bc4 Ne4+ 22. Ke1 Nb6 23. Bd3 Bf5 24. Rb1 Nd7 25. Ke2 Nc3+ 26. Kd2 Nxb1+ 27. Bxb1 Bxb1 28. Rxb1 Ke6 29. a4 a5 30. e4 Bb4+ 31. Ke2 Rc8 32. Rb2 g5 33. h4 Rc3 34. hxg5 hxg5 35. Ra2 Nf6 36. f3 Nxe4 37. Be1 Rc4 38. fxe4 Rxe4+ 39. Kf3 Rxe1 40. Rc2 f5 41. Rc6+ Kd5 42. Rf6 Ke5 43.
Rb6 g4+ 44. Kf2 Bc5+ 45. Kxe1 Bxb6 46. g3 0-1

[Event "Early-Titled-Tuesday-Blitz-March-05-2024"]
[Site "Chess.com"]
[Date "2024.03.05"]
[Round "2"]
[White "ViIIagra"]
[Black "Juwen"]
[Result "0-1"]
[WhiteElo "2930"]
[BlackElo "2620"]
[TimeControl "180+1"]
[EndTime "8:18:21 PST"]
[Termination "Juwen won by resignation"]

1. g3 Nf6 2. Bg2 d5 3. d3 e5 4. Nf3 Nc6 5. O-O Be7 6. Nbd2 O-O 7. e4 dxe4 8. dxe4 a5 9. b3 a4 10. Bb2 Bd6 11. Re1 a3 12. Bc3 b5 13. Rc1 Qe7 14. Qe2 Ba6 15. Ba1 Nb4 16. Nh4 g6 17. c4 Nxa2 18. cxb5 Nxc1 19. Rxc1 Bb7 20. Nc4 Rfe8 21.
h3 Nd7 22. Nf3 f6 23. Nfd2 Nc5 24. Ne3 Qf7 25. Nd5 Bxd5 26. exd5 e4 27. Rxc5 Bxc5 28.
Nxe4 Bf8 29. Qc4 Bg7 30. Kf1 a2 31. Nc3 f5 32. Bf3 Kh8 33. h4 Qe7 34. Kg2 Qe1 35.
d6 Qxa1 36. d7 Qxc3 0-1

[Event "Early-Titled-Tuesday-Blitz-March-05-2024"]
[Site "Chess.com"]
[Date "2024.03.05"]
[Round "2"]
[White "the_blue_pill"]
[Black "AldokhinIvan"]
[Result "0-1"]
[WhiteElo "2355"]
[BlackElo "2672"]
[TimeControl "180+1"]
[EndTime "8:18:22 PST"]
[Termination "AldokhinIvan won on time"]

1. e4 c5 2. Nf3 e6 3. g3 b6 4. d4 cxd4 5. Nxd4 Bb7 6. Bg2 Nc6 7. O-O Bc5 8. Nxc6 Bxc6 9. Nc3 Ne7 10. Bf4 O-O 11.
Bd6 Bxd6 12. Qxd6 f5 13. Rad1 f4 14. gxf4 Ng6 15. f5 exf5 16. exf5 Qg5 17. Qg3 Qxf5 18. Nd5 Rae8 19. c4 Kh8 20. Rfe1 Bxd5 21. cxd5 Nf4 22. Rxe8 Rxe8 23. Qf3 Qe5 24. h4 Rf8 25. Qg4 h5 26.
Qg5 Rf5 27. Qd8+ Kh7 28. Bf3 Ne2+ 29. Bxe2 Qxe2 0-1

[Event "Early-Titled-Tuesday-Blitz-March-05-2024"]
[Site "Chess.com"]
[Date "2024.03.05"]
[Round "2"]
[White "WindWhistler11"]
[Black "RianKapriaga"]
[Result "1-0"]
[WhiteElo "2515"]
[BlackElo "2300"]
[TimeControl "180+1"]
[EndTime "8:18:22 PST"]
[Termination "WindWhistler11 won on time"]

1. Nf3 Nf6 2. c4 e6 3. e3 b6 4.
b3 Bb7 5. Bb2 Be7 6. g3 O-O 7.
Bg2 c5 8. O-O d6 9. Nc3 Nbd7 10.
Ne2 Rc8 11. Rc1 Qc7 12. h3 Qb8 13. g4 Qa8 14. Ng3 h6 15. d3 a6 16. Qe2 b5 17. e4 Rfd8 18. Nd2 d5 19. h4 bxc4 20. bxc4 d4 21. g5 hxg5 22. hxg5 Nh7 23. f4 Nhf8 24. Nf3 Bc6 25. Rc2 Rb8 26. Bc1 Rb1 27.
Nd2 Ra1 28. Qh5 Rb8 29. Nb3 Rxa2 30. Rxa2 Rxb3 31. Bf3 Ng6 32. Rh2 Bd6 33. Nf5 exf5 34. exf5 Bxf3 35. Rxf3 Kf8 36. fxg6 Rb1 37. Qh8+ Ke7 38.
Re2+ Ne5 39. Qxa8 1-0

[Event "Early-Titled-Tuesday-Blitz-March-05-2024"]
[Site "Chess.com"]
[Date "2024.03.05"]
[Round "2"]
[White "sotochess"]
[Black "FairChess_on_YouTube"]
[Result "0-1"]
[WhiteElo "2632"]
[BlackElo "3106"]
[TimeControl "180+1"]
[EndTime "8:18:27 PST"]
[Termination "FairChess_on_YouTube won by resignation"]

1. e4 c5 2. Nf3 e6 3. d4 cxd4 4. Nxd4 Nc6 5. Nb5 d6 6. Bf4 e5 7. Be3 Nf6 8. N1c3 a6 9. Na3 b5 10. Nd5 Nxd5 11. exd5 Ne7 12. c4 Nf5 13. Bd2 Be7 14. cxb5 O-O 15. Be2 e4 16. O-O Bf6 17. Bc3 e3 18. bxa6 Re8 19. Bxf6 Qxf6 20. Nc4 Bxa6 21.
Nxe3 Nxe3 22. fxe3 Qxb2 23. Bxa6 Rxa6 24. Qf3 Ra7 25. Kh1 g6 26. Qf4 Qe5 27. a4 Qxf4 28. exf4 Ra5 29. f5 Re4 30. fxg6 hxg6 31. h3 Rexa4 32.
Rae1 Rxd5 33. Re7 Rf5 34. Rxf5 gxf5 35. Rd7 Rd4 36. Kg1 Rd2 37. Kh2 f4 38. Kg1 Kg7 39.
Ra7 Kf6 40. Ra5 d5 41. Kf1 Kf5 42. Ra7 f6 43. Ra8 d4 44. Re8 d3 45. Re7 f3 46.
g3 Re2 47. Rd7 d2 48. Rd3 Re1+ 49. Kf2 d1=Q 50. Rxf3+ Qxf3+ 51. Kxf3 Ra1 52. Kg2 Ke4 0-1

[Event "Early-Titled-Tuesday-Blitz-March-05-2024"]
[Site "Chess.com"]
[Date "2024.03.05"]
[Round "2"]
[White "stollenmonster"]
[Black "Yeritsyaan"]
[Result "1-0"]
[WhiteElo "2902"]
[BlackElo "2584"]
[TimeControl "180+1"]
[EndTime "8:18:27 PST"]
[Termination "stollenmonster won by resignation"]

1. e4 c5 2. Nf3 d6 3. d4 cxd4 4. Nxd4 Nf6 5. Nc3 g6 6. g3 Bg7 7. Bg2 O-O 8. h3 a6 9. a4 Nc6 10. Nde2 Bd7 11. Nd5 Nxd5 12. exd5 Ne5 13. Ra2 Rc8 14. b3 f5 15. a5 Qc7 16. Be3 e6 17.
O-O Kh8 18. dxe6 Bxe6 19. Nf4 Bf7 20. c4 Nc6 21. Bb6 Qd7 22. Rd2 Be5 23. Nd5 Ne7 24.
Bd4 Nxd5 25. Bxe5+ dxe5 26. Bxd5 Qe7 27. Re1 e4 28.
Bxf7 Rxf7 29. Rd6 Kg8 30. Qd5 Kg7 31. Rd1 Rc7 32. Qd4+ Rf6 33. c5 g5 34. b4 Kg6 35.
g4 Rc6 36. Qd5 Rcxd6 37. cxd6 Qd7 38. Qg8+ Kh6 39. h4 Rg6 40. Qf8+ Rg7 41. hxg5+ Kg6 42.
Qxf5+ Qxf5 43. gxf5+ Kxf5 44. d7 Rxg5+ 45. Kh2 Rh5+ 46.
Kg3 Rg5+ 47. Kh4 Rg4+ 48. Kh5 Rg2 49. Kh6 Rh2+ 50. Kg7 1-0

[Event "Early-Titled-Tuesday-Blitz-March-05-2024"]
[Site "Chess.com"]
[Date "2024.03.05"]
[Round "2"]
[White "Misterfox120"]
[Black "mary-sanna"]
[Result "1-0"]
[WhiteElo "2476"]
[BlackElo "2207"]
[TimeControl "180+1"]
[EndTime "8:18:27 PST"]
[Termination "Misterfox120 won on time"]

1. d4 Nf6 2. Bf4 d5 3. e3 c5 4. Nf3 Nc6 5. Nbd2 e6 6. c3 Nh5 7.
Bg5 Qb6 8. Rb1 h6 9. Bh4 g5 10. Ne5 Nxe5 11. dxe5 Ng7 12. Bg3 Nf5 13. e4 Nxg3 14.
hxg3 Bg7 15. f4 Bd7 16. exd5 exd5 17. Be2 O-O-O 18. Bg4 c4 19. Qe2 Kb8 20. Bxd7 Rxd7 21. Nf3 Qg6 22. O-O gxf4 23. gxf4 Rg8 24. Nd4 Bf8 25. f5 Qg3 26. e6 fxe6 27. fxe6 Rdg7 28. Rxf8+ Rxf8 29. e7 Re8 30. Nf5 Qg6 31. Qe5+ Ka8 32. Qxg7 Qxf5 33. Rf1 Qe6 34. Rf8 Qe3+ 35. Kh2 1-0

[Event "Early-Titled-Tuesday-Blitz-March-05-2024"]
[Site "Chess.com"]
[Date "2024.03.05"]
[Round "2"]
[White "JiiHart"]
[Black "Kopytkin"]
[Result "1-0"]
[WhiteElo "2182"]
[BlackElo "2444"]
[TimeControl "180+1"]
[EndTime "8:18:27 PST"]
[Termination "JiiHart won on time"]

1. e4 Nf6 2. e5 Nd5 3. Nf3 d6 4.
Bc4 Nb6 5. Bxf7+ Kxf7 6. Ng5+ Kg8 7. e6 Qe8 8. Qf3 Bxe6 9. Nxe6 Nc6 10. Nxc7 Qc8 11.
Nxa8 Nxa8 12. O-O g6 13. Re1 Nb6 14. c3 Qf5 15. Qxf5 gxf5 16. d4 Kf7 17. Nd2 Bg7 18. Nf3 e5 19. dxe5 dxe5 20. Be3 Nc4 21. b3 Nxe3 22. fxe3 Rc8 23. Rad1 Ke7 24. c4 Nb4 25. Re2 Ke6 26. a3 Nc6 27. Rd5 Ne7 28. Rd1 Nc6 29. b4 e4 30. Ng5+ Kf6 31. h4 Ne5 32. Rd6+ Ke7 33.
Re6+ Kf8 34. Nxh7+ Kg8 35. Ng5 Nxc4 36. Kf2 b5 37. Re7 1-0

[Event "Early-Titled-Tuesday-Blitz-March-05-2024"]
[Site "Chess.com"]
[Date "2024.03.05"]
[Round "2"]
[White "secrethawk1"]
[Black "GoValya"]
[Result "1-0"]
[WhiteElo "2484"]
[BlackElo "2238"]
[TimeControl "180+1"]
[EndTime "8:18:28 PST"]
[Termination "secrethawk1 won by resignation"]

1. d4 Nf6 2. Bf4 g6 3. e3 Nd5 4. Bg3 Bg7 5. c4 Nf6 6. Nc3 d5 7. cxd5 Nxd5 8. Bc4 Nxc3 9. bxc3 O-O 10. Ne2 c5 11.
O-O Nc6 12. d5 Ne5 13. Bxe5 Bxe5 14. f4 Bg7 15. e4 a6 16. a4 Rb8 17. a5 e6 18. d6 e5 19. f5 Bd7 20. Qb3 b5 21.
axb6 Rxb6 22. Qa2 gxf5 23. exf5 Rxd6 24. Ng3 Bb5 25. Bxb5 axb5 26. Ne4 Rd3 27. f6 Bh6 28.
Qe2 Kh8 29. Qh5 Be3+ 30. Kh1 Qd5 31. Qf5 Rg8 32. h3 Rd2 33. g4 Bf4 34. Rf3 Rh2+ 35.
Kg1 Rd8 36. Rxf4 exf4 37. Qxd5 Rxd5 38. Ra8+ 1-0

[Event "Early-Titled-Tuesday-Blitz-March-05-2024"]
[Site "Chess.com"]
[Date "2024.03.05"]
[Round "2"]
[White "Arteler"]
[Black "campochess"]
[Result "0-1"]
[WhiteElo "2462"]
[BlackElo "2226"]
[TimeControl "180+1"]
[EndTime "8:18:28 PST"]
[Termination "campochess won on time"]

1. Nf3 c5 2. c4 Nc6 3. Nc3 g6 4. g3 Bg7 5. Bg2 d6 6. O-O Nf6 7. e3 O-O 8. d4 cxd4 9. exd4 Bg4 10. Be3 Rc8 11. b3 a6 12. Rc1 Nd7 13. h3 Bxf3 14.
Bxf3 e5 15. d5 Nd4 16. Bxd4 exd4 17. Ne2 Qf6 18. Bg2 Nc5 19. Qd2 Rfe8 20. Rfd1 d3 21. Nf4 Bh6 22. Qc3 Qf5 23. b4 Bg7 24. Qa3 g5 25.
Nxd3 Re2 26. bxc5 Rxc5 27. Qb3 Bd4 28. Rc2 Bxf2+ 29. Kh2 Bxg3+ 30. Kxg3 Re3+ 31. Kh2 g4 32. hxg4 Qg5 33. Rf1 Qh4+ 34. Kg1 Qg3 35. Qxb7 f5 36. Qc8+ Kg7 0-1

[Event "Early-Titled-Tuesday-Blitz-March-05-2024"]
[Site "Chess.com"]
[Date "2024.03.05"]
[Round "2"]
[White "lucasran"]
[Black "Fandorine"]
[Result "0-1"]
[WhiteElo "2599"]
[BlackElo "2936"]
[TimeControl "180+1"]
[EndTime "8:18:30 PST"]
[Termination "Fandorine won on time"]

1. Nf3 Nf6 2. c4 g6 3. Nc3 Bg7 4. d4 O-O 5. g3 d6 6. Bg2 c5 7.
O-O Nc6 8. dxc5 dxc5 9. Bf4 Bf5 10. Ne5 Nd4 11. Bxb7 Rb8 12. Nc6 Nxc6 13. Bxc6 Rxb2 14.
Qa4 Qb6 15. Nd5 Nxd5 16. cxd5 Rxe2 17. Rae1 Bd3 18. Rxe2 Bxe2 19. Re1 Bd3 20. Qb3 Qa6 21. Qb7 Qxa2 22. Qxe7 Bd4 23. Be3 Bxe3 24. Qxe3 c4 25. d6 Qa5 26. d7 Bf5 27. Qe8 Bxd7 28. Bxd7 Rxe8 29. Rxe8+ Kg7 30. Rc8 Qd5 31. Bc6 Qe6 32. Bb7 a5 33. Rc7 Qb6 34. Rc8 Qxb7 0-1

[Event "Early-Titled-Tuesday-Blitz-March-05-2024"]
[Site "Chess.com"]
[Date "2024.03.05"]
[Round "2"]
[White "Pingah9"]
[Black "eagleclaw07"]
[Result "1-0"]
[WhiteElo "2586"]
[BlackElo "2851"]
[TimeControl "180+1"]
[EndTime "8:18:30 PST"]
[Termination "Pingah9 won on time"]

1. e4 c5 2. Nc3 Nc6 3. g3 g6 4.
Bg2 Bg7 5. d3 e6 6. Be3 d6 7.
Qd2 h5 8. h3 Nge7 9. Nge2 b6 10. O-O Nd4 11. a4 a6 12. Nd1 Bb7 13. Nc1 d5 14. c3 Ndc6 15. f3 Qd7 16. Bf2 O-O 17.
Be3 Rfd8 18. Bh6 Bh8 19. Nf2 b5 20. Ne2 b4 21. g4 h4 22. Bg5 Na5 23. Qf4 e5 24.
Qh2 Nb3 25. Rad1 f6 26. Bxh4 g5 27. Bg3 Ng6 28. h4 d4 29. hxg5 fxg5 30. Qh6 Kf7 31.
Qxg5 Bf6 32. Qf5 Qxf5 33. exf5 Ne7 34. f4 Nd5 35. c4 Ne3 36. Bxb7 Rab8 37. Bd5+ Ke7 38.
fxe5 Nxf1 39. exf6+ Kxf6 40. Ne4+ Kg7 41. Rxf1 Rbc8 42.
Be5+ Kf8 43. Kg2 Rd7 44. Rh1 1-0

[Event "Early-Titled-Tuesday-Blitz-March-05-2024"]
[Site "Chess.com"]
[Date "2024.03.05"]
[Round "2"]
[White "guillembaches"]
[Black "martinmena"]
[Result "1-0"]
[WhiteElo "2527"]
[BlackElo "2318"]
[TimeControl "180+1"]
[EndTime "8:18:32 PST"]
[Termination "guillembaches won by checkmate"]

1. Nf3 d5 2. d4 Nf6 3. c4 e6 4.
cxd5 exd5 5. Qc2 Nbd7 6. Nc3 c6 7. Bg5 Be7 8. e3 O-O 9. Bd3 Re8 10. O-O Nf8 11. h3 g6 12. Bf4 Ne6 13. Bh2 Ng7 14. Ne5 Bf5 15. Rae1 Bxd3 16. Nxd3 Bd6 17. Bxd6 Qxd6 18.
b4 Ne4 19. Nc5 f5 20. Nxb7 Qxb4 21. Nxe4 fxe4 22. Qxc6 Qc4 23. Qxc4 dxc4 24. Nd6 Re6 25. Nxc4 Ra6 26. Re2 Rc8 27. Rc1 Nf5 28. Rec2 Ra4 29. Kf1 Rb8 30. Ke2 Rb5 31. Nd2 Rba5 32. Nxe4 Rxa2 33.
g4 Ne7 34. Kf3 Rxc2 35. Rxc2 Nd5 36. Rc5 Rxc5 37. Nxc5 a5 38. Ke4 Nc3+ 39. Ke5 a4 40. Ke6 Kf8 41. d5 Ke8 42. d6 a3 43. d7+ Kd8 44. Kd6 Ne4+ 45. Nxe4 a2 46. Nc5 a1=Q 47.
Ne6# 1-0

[Event "Early-Titled-Tuesday-Blitz-March-05-2024"]
[Site "Chess.com"]
[Date "2024.03.05"]
[Round "2"]
[White "GWR2024"]
[Black "DvaHrasta"]
[Result "1/2-1/2"]
[WhiteElo "2123"]
[BlackElo "2447"]
[TimeControl "180+1"]
[EndTime "8:18:32 PST"]
[Termination "Game drawn by repetition"]

1. e4 c6 2. Nf3 d5 3. exd5 cxd5 4.
Ne5 g6 5. Bb5+ Nd7 6. d4 Bg7 7.
O-O Nf6 8. c3 O-O 9. Bd3 Nxe5 10. dxe5 Ne4 11. Bxe4 dxe4 12. Bf4 Qb6 13. b3 a5 14. Na3 Qc5 15. Nc4 b5 16. Be3 Qc6 17. Nb6 Rb8 18. Nd5 Re8 19. Bg5 Kf8 20. Qd4 Bb7 21.
c4 bxc4 22. bxc4 Rbc8 23. Rfc1 Qe6 24. Qxe4 Qxe5 25. Qxe5 Bxe5 26. Rab1 Bc6 27. Bd2 e6 28. Nb6 Rcd8 29. Bxa5 Be4 30. Rb5 Bf4 31. Re1 f5 32. g3 Bd2 33. Bxd2 Rxd2 34. c5 Rxa2 35. Nc4 Rc2 36. Nd6 Re7 37. Nxe4 fxe4 38. Rxe4 Rf7 39.
Rf4 Rxf4 40. gxf4 Kf7 41. Kg2 Kf6 42. Kg3 Rc3+ 43. f3 h5 44. h4 Rc2 45. Ra5 Rc1 46.
Rb5 Rc2 47. Ra5 Rc1 48. Rb5 Rc2 1/2-1/2

[Event "Early-Titled-Tuesday-Blitz-March-05-2024"]
[Site "Chess.com"]
[Date "2024.03.05"]
[Round "2"]
[White "Nemegejas"]
[Black "ExtremeLearner"]
[Result "1-0"]
[WhiteElo "2789"]
[BlackElo "2536"]
[TimeControl "180+1"]
[EndTime "8:18:33 PST"]
[Termination "Nemegejas won on time"]

1. d4 Nf6 2. c4 c5 3. d5 b5 4. cxb5 a6 5. e3 g6 6. Nc3 Bg7 7. Nf3 O-O 8. a4 Bb7 9. e4 e6 10. dxe6 fxe6 11. e5 Ng4 12. Be2 Nxe5 13. Nxe5 Bxe5 14.
O-O axb5 15. Nxb5 d5 16. Bg4 Qf6 17. f4 Bd4+ 18. Nxd4 cxd4 19. Re1 Re8 20. b4 Nc6 21. b5 Na5 22. Bb2 Qxf4 23. Bxe6+ Rxe6 24. Rxe6 Rf8 25. Qxd4 Qxd4+ 26. Bxd4 Nb3 27. Rd1 Bc8 28. Re7 Bg4 29.
Rg7+ Kh8 30. Rxg6+ Nxd4 31. Rxg4 Ne2+ 32. Kh1 d4 33. h3 Rd8 34. Rd2 d3 35. Kh2 Nc3 36. Rg3 Ne4 37. Rgxd3 Rg8 38. Rd8 1-0

[Event "Early-Titled-Tuesday-Blitz-March-05-2024"]
[Site "Chess.com"]
[Date "2024.03.05"]
[Round "2"]
[White "margarita_2703"]
[Black "Goryachkina"]
[Result "1-0"]
[WhiteElo "2402"]
[BlackElo "2673"]
[TimeControl "180+1"]
[EndTime "8:18:33 PST"]
[Termination "margarita_2703 won on time"]

1. e4 c5 2. Nf3 e6 3. c3 Nf6 4. e5 Nd5 5. d4 cxd4 6. cxd4 d6 7. Bd3 dxe5 8. dxe5 Nb4 9. Bb5+ Bd7 10. Bc4 Qc7 11.
Qe2 b5 12. Bb3 a5 13. a3 N4a6 14. O-O a4 15. Bc2 b4 16. Be4 Ra7 17. Be3 Bc5 18.
Rc1 Qb6 19. Nbd2 Bxe3 20. Nc4 Bxf2+ 21. Kf1 Bb5 22. Nd6+ Qxd6 23. Qxb5+ Qd7 24. Rc8+ Ke7 25. Qxd7+ Nxd7 26. Rxh8 Bc5 27. Rxh7 bxa3 28. bxa3 Kf8 29. Rh8+ Ke7 30. h4 Rc7 31. h5 Be3 32. Rg8 Bf4 33. Rxg7 Nxe5 34. Rd1 Nxf3 35. Bxf3 Nc5 36. Rg4 Be5 37. Rc4 Na6 38. Rxc7+ Nxc7 39. Rc1 Nd5 40. Bxd5 exd5 41. Re1 Kf6 42. Rxe5 Kxe5 43. g4 f5 44. g5 f4 45. h6 1-0

[Event "Early-Titled-Tuesday-Blitz-March-05-2024"]
[Site "Chess.com"]
[Date "2024.03.05"]
[Round "2"]
[White "wannabe2700"]
[Black "Khromkin"]
[Result "1-0"]
[WhiteElo "2755"]
[BlackElo "2405"]
[TimeControl "180+1"]
[EndTime "8:18:34 PST"]
[Termination "wannabe2700 won on time"]

1. b3 c5 2. Bb2 Nc6 3. f4 d5 4. Nf3 e6 5. e3 f6 6. Bb5 Bd7 7. Nh4 g6 8. O-O Bg7 9. c4 Nge7 10. cxd5 exd5 11. Bxc6 bxc6 12. Nc3 Rb8 13. Na4 c4 14. bxc4 O-O 15. cxd5 cxd5 16. Bd4 Rb4 17.
Nc3 Qa5 18. Ne2 Qa6 19. Bc5 Nc6 20. Nc3 d4 21. Nd5 Rc4 22. Bxf8 Kxf8 23. Qb3 Na5 24. Qa3+ Kg8 25. Rac1 Ra4 26. Qe7 Qe6 27. Qd8+ Qe8 28. Nxf6+ Bxf6 29. Qxf6 dxe3 30. dxe3 Nc4 31. f5 Nxe3 32.
Rfe1 Re4 33. fxg6 hxg6 34. Nxg6 Re6 35. Qh8+ Kf7 36. Qh7+ Kf6 37. Rf1+ Nxf1 38. Rxf1+ Kg5 39. h4+ Kg4 40. Rf4+ Kg3 41. Rf3+ Kg4 42. Ne5+ Rxe5 43. Qg7+ Kh5 44. g4+ 1-0

[Event "Early-Titled-Tuesday-Blitz-March-05-2024"]
[Site "Chess.com"]
[Date "2024.03.05"]
[Round "2"]
[White "JaackCamel"]
[Black "MaxLeto"]
[Result "0-1"]
[WhiteElo "2223"]
[BlackElo "2482"]
[TimeControl "180+1"]
[EndTime "8:18:34 PST"]
[Termination "MaxLeto won by resignation"]

1. d4 h5 2. c4 h4 3. h3 d6 4.
e4 e5 5. Nf3 Nc6 6. d5 Nb8 7.
Nc3 Be7 8. Be2 Nf6 9. Be3 Nbd7 10. b4 a5 11. a3 Nh5 12. c5 Nf4 13. Rg1 axb4 14. axb4 Rxa1 15. Qxa1 dxc5 16. Nb5 O-O 17. bxc5 Nxc5 18. Nxe5 Nxe2 19. Kxe2 Nxe4 20. Ng4 Qxd5 21. Rb1 c6 22. Nd4 Bxg4+ 23. hxg4 Bf6 24. Rd1 Rd8 25.
Kf1 c5 26. Qa5 cxd4 27. Qxd5 Rxd5 28. Bf4 d3 29. f3 Ng3+ 30. Kf2 Bd4+ 31. Ke1 Bc3+ 32.
Kf2 g5 33. Bxg3 hxg3+ 34. Kxg3 b5 35. f4 b4 36. Kf3 d2 37. Ke4 Rd4+ 38. Ke3 gxf4+ 39.
Ke2 b3 40. g3 fxg3 0-1

[Event "Early-Titled-Tuesday-Blitz-March-05-2024"]
[Site "Chess.com"]
[Date "2024.03.05"]
[Round "2"]
[White "Polish_fighter3000"]
[Black "Titus369"]
[Result "1-0"]
[WhiteElo "3111"]
[BlackElo "2634"]
[TimeControl "180+1"]
[EndTime "8:18:37 PST"]
[Termination "Polish_fighter3000 won by resignation"]

1. e4 c5 2. b4 cxb4 3. a3 bxa3 4. Bxa3 Nc6 5. d4 d5 6. exd5 Qxd5 7. Nf3 Bg4 8. Be2 Nf6 9. c4 Qf5 10. d5 Ne5 11.
Nc3 Bxf3 12. gxf3 a6 13. Rb1 Qd7 14. Qb3 e6 15. Bxf8 Kxf8 16. f4 Ng6 17. f5 exf5 18. Qxb7 Qxb7 19. Rxb7 Rc8 20. Na4 Ne5 21. Nb6 Re8 22.
O-O Ne4 23. Rc1 Nc5 24. Rc7 Nb3 25. Rd1 g6 26. c5 Kg7 27. d6 Nd7 28. Rxd7 Rxe2 29.
c6 Nc5 30. Re7 Rxe7 31. dxe7 Ne6 32. Rd7 Re8 33. Nd5 a5 34. c7 a4 35. Nb6 Nxc7 36.
Rxc7 a3 37. Nd5 f6 38. Ra7 Kf7 39. Rxa3 Ke6 40. Nc7+ Kxe7 41. Re3+ 1-0